 Dungeon Crawl Stone Soup version 0.22.0 (webtiles) character file.

19044 Blackhawk the Cleaver (level 12, -3/112 HPs)
             Began as a Minotaur Berserker on Nov 3, 2018.
             Was a High Priest of Trog.
             Slain by a black mamba (11 damage)
             ... on level 2 of the Lair of Beasts.
             The game lasted 00:24:36 (15462 turns).

Blackhawk the Cleaver (Minotaur Berserker)         Turns: 15462, Time: 00:24:36

Health: -3/112     AC: 18    Str: 27    XL:     12   Next: 33%
Magic:  0/11       EV: 12    Int:  6    God:    Trog [*****.]
Gold:   692        SH:  0    Dex: 10    Spells: 11/11 levels left

rFire    . . .     SeeInvis .   u - +9 broad axe of Starshine {flame, Stlth+}
rCold    . . .     Gourm    .   (no shield)
rNeg     . . .     Faith    .   w - +0 plate armour
rPois    .         Spirit   +   (helmet restricted)
rElec    .         Reflect  .   j - +0 cloak
rCorr    .         Harm     .   (no gloves)
MR       .....                  h - +0 pair of boots
Stlth    ..........             M - amulet of Ipsuanip {Spirit Int+2}
HPRegen  0.28/turn              (no ring)
MPRegen  0.12/turn              (no ring)

@: no status effects
A: retaliatory headbutt, horns 2
a: Berserk, Trog's Hand, Brothers in Arms, Renounce Religion


You were on level 2 of the Lair of Beasts.
You worshipped Trog.
Trog was extremely pleased with you.
You were not hungry.

You visited 2 branches of the dungeon, and saw 14 of its levels.
You also visited: Sewer and Ossuary.

You collected 692 gold pieces.

Inventory:

Hand Weapons
 g - a cursed +0 war axe
 u - the +9 broad axe of Starshine (weapon) {flame, Stlth+}
   (Trog gifted it to you on level 11 of the Dungeon)

   It has been specially enchanted to burn those struck by it, causing extra
   injury to most foes and up to half again as much damage against particularly
   susceptible opponents.
   Big, fiery blades are also staple armaments of hydra-hunters.
   It makes you more stealthy.
 H - the +9 rapier of Dishonesty {pierce, rPois rC+, unknown}
   (You found it on level 2 of the Lair of Beasts)

   It inflicts extra damage upon your enemies.
   It protects you from cold.
   It protects you from poison.
 J - a +1 battleaxe of chopping
 O - a +3 double sword
Missiles
 y - 83 bolts
Armour
 h - a +0 pair of boots (worn)
 j - a +0 cloak (worn)
 w - a +0 plate armour (worn)
 E - a +0 pair of gloves
Jewellery
 I - an uncursed amulet of regeneration
 L - a +2 ring of protection {unknown}
 M - the amulet of Ipsuanip (around neck) {Spirit Int+2}
   (You took it off a centaur on level 9 of the Dungeon)

   [amulet of guardian spirit]

   It causes incoming damage to be split between your health and magic.
   It affects your intelligence (+2).
Wands
 f - a wand of acid (13)
 q - a wand of disintegration (55)
 F - a wand of flame (108)
 K - a wand of random effects (66)
Scrolls
 a - a scroll of holy word
 b - a scroll of vulnerability {unknown}
 e - 6 scrolls of teleportation
 i - 5 scrolls of remove curse
 o - 5 scrolls of magic mapping {unknown}
 p - 4 scrolls of immolation
 r - 2 scrolls of fear
 s - 2 scrolls of enchant armour {unknown}
 z - a scroll of blinking {unknown}
 B - 4 scrolls of identify
 D - a scroll of enchant weapon
 N - a scroll of fog {unknown}
Potions
 d - 2 potions of lignification
 k - a potion of mutation
 l - 3 potions of haste
 m - 3 potions of might
 n - 7 potions of brilliance
 t - 8 potions of curing
 v - 3 potions of agility
 A - a potion of flight
 C - a potion of magic
 G - 2 potions of invisibility
Comestibles
 c - 36 rations
 P - 9 chunks of flesh


   Skills:
 + Level 12.0 Fighting
 * Level 14.0 Axes
 + Level 11.7 Armour
 + Level 10.8 Dodging


You had 11 spell levels left.
You didn't know any spells.
Your spell library was empty.

Dungeon Overview and Level Annotations

Branches:
Dungeon (11/15)            Temple (0/1) D:7            Lair (3/6) D:8
 Spider (0/4) Lair:2          Orc (0/2) D:11
  Swamp: Lair:2-4    Shoals: Lair:2-4

Altars:
Dithmenos
Elyvilon
Qazlal
Ru
Sif Muna
Trog
Uskayaw
Vehumet

Annotations:
Lair:1 3 runed doors, Sonja; Wranger's ghost, journeyman DEAE; malaphysto's ghost, journeyman GrFE


Innate Abilities, Weirdness & Mutations

You reflexively headbutt those who attack you in melee.
You have a pair of horns on your head.


Message History

The black mamba is severely wounded.
You slash the black mamba! You burn the black mamba.
You kill the black mamba!
Trog accepts your kill.
Your Fighting skill increases to level 12!
You slash the fungus! You burn the fungus! The black mamba closely misses you.
The black mamba bites you!
* * * LOW HITPOINT WARNING * * *
You closely miss the black mamba. Your headbutt misses the black mamba.
The black mamba is severely wounded.
You slash the fungus! You burn the fungus.
You destroy the fungus!
You hit the porcupine. You burn the porcupine. The black mamba bites you.
* * * LOW HITPOINT WARNING * * *
The porcupine closely misses you. You furiously retaliate!
You headbutt the porcupine, but do no damage.
You barely miss the black mamba. Your headbutt misses the black mamba.
The black mamba is severely wounded.
You barely miss the porcupine. The black mamba bites you!
You die...

...###...........##
#.......#.#.#....#
#................#
......###...###..#
.................#
......##..P...P..##
....#.....#...#..P#
......#...#......##
....#..+P.....#.@.#
..............#rS##
..............+.Y#
..............#..#
...<#............#
....#............#
..............#..#
.....#.##.P.P.P..#
...............>.#


You could see a black mamba, a yak and a porcupine.

Vanquished Creatures
  A hydra (Lair:2)
  Erolcha (D:10)
  A two-headed ogre (D:5)
  Urug (Lair:2)
  The ghost of Blackhawk the Cleaver, a novice MiBe of Trog (D:9)
  A manticore (D:11)
  A black mamba (Lair:2)
  3 spiny frogs
  A rime drake (Lair:2)
  7 komodo dragons
  2 trolls
  2 hornets (D:9)
  Prince Ribbit (D:5)
  5 jumping spiders (Lair:2)
  6 hippogriffs
  2 redbacks (Lair:2)
  6 yaks
  A vampire (D:11)
  2 wyverns
  A wraith (D:10)
  2 basilisks
  4 hungry ghosts
  Menkaure (Ossuary)
  7 water moccasins
  Duvessa (D:7)
  A soldier ant (D:9)
  2 porcupines
  An ice beast (D:6)
  2 orc warriors (D:10)
  2 sky beasts
  2 centaurs
  4 ogres
  5 crocodiles
  2 big kobolds
  14 bullfrogs
  An elf zombie (Ossuary)
  Dowan (D:7)
  2 water moccasin skeletons
  2 scorpions
  2 troll zombies (D:11)
  6 killer bees
  2 howler monkeys
  A crimson imp (D:8)
  5 centaur zombies
  2 jellies
  8 orc wizards
  Crazy Yiuf (D:2)
  3 centaur skeletons
  A hound (D:11)
  5 orc priests
  2 iguanas
  11 worker ants
  A big kobold zombie (Ossuary)
  5 ogre zombies
  6 mummies (Ossuary)
  A hound skeleton (D:10)
  A worker ant zombie (D:8)
  3 gnolls (D:3)
  13 adders
  10 river rats
  3 shadow imps
  An ooze (D:4)
  6 adder zombies
  A worm (D:9)
  2 dart slugs
  2 leopard geckos
  39 orcs
  4 giant cockroaches
  9 hobgoblins
  10 jackals
  A quokka (D:6)
  6 ball pythons
  A ball python skeleton (D:5)
  6 bats
  8 frilled lizards
  4 goblins
  A goblin skeleton (D:11)
  3 goblin zombies
  11 hobgoblin zombies
  A jackal skeleton (D:7)
  24 kobolds
  3 kobold zombies (Ossuary)
  2 leopard gecko skeletons (D:4)
  5 orc skeletons (D:11)
  9 orc zombies (D:11)
  A quokka skeleton (D:4)
  5 quokka zombies (Ossuary)
  51 rats
  2 fungi (Lair:2)
412 creatures vanquished.

Vanquished Creatures (collateral kills)
  A hydra (Lair:1)
1 creature vanquished.

Vanquished Creatures (others)
  2 plants (D:8)
  4 withered plants (Lair:1)
6 creatures vanquished.

Grand Total: 419 creatures vanquished

Notes
Turn   | Place    | Note
-------+----------+-------------------------------------------
     0 | D:1      | Blackhawk the Minotaur Berserker began the quest for the Orb.
     0 | D:1      | Reached XP level 1. HP: 19/19 MP: 0/0
   281 | D:1      | Reached XP level 2. HP: 27/27 MP: 1/1
   624 | D:2      | Reached skill level 4 in Axes
   639 | D:2      | Reached ** piety under Trog
   639 | D:2      | Reached XP level 3. HP: 33/33 MP: 2/2
   944 | D:2      | Found a stormy altar of Qazlal.
  1287 | D:2      | Found a runed door.
  1460 | D:2      | Noticed Crazy Yiuf
  1463 | D:2      | Killed Crazy Yiuf
  1463 | D:2      | Reached XP level 4. HP: 41/41 MP: 3/3
  1762 | D:3      | Found a sacrificial altar of Ru.
  2118 | D:3      | Found a shadowy altar of Dithmenos.
  2133 | D:3      | Reached XP level 5. HP: 37/47 MP: 4/4
  2145 | D:3      | Found a glowing drain.
  2150 | Sewer    | Entered a sewer
  2232 | Sewer    | Reached *** piety under Trog
  2237 | Sewer    | Reached skill level 5 in Fighting
  2387 | Sewer    | Received a gift from Trog
  2394 | Sewer    | Reached skill level 5 in Axes
  2406 | Sewer    | Reached XP level 6. HP: 56/56 MP: 5/5
  3746 | D:4      | Reached XP level 7. HP: 62/62 MP: 6/6
  3934 | D:4      | Reached skill level 5 in Armour
  4052 | D:5      | Entered Level 5 of the Dungeon
  4067 | D:5      | Noticed a two-headed ogre
  4071 | D:5      | Reached **** piety under Trog
  4076 | D:5      | Killed a two-headed ogre
  4076 | D:5      | Reached skill level 6 in Axes
  4076 | D:5      | Reached skill level 5 in Dodging
  4076 | D:5      | Reached XP level 8. HP: 71/71 MP: 7/7
  4081 | D:5      | Reached skill level 7 in Axes
  4084 | D:5      | Noticed Prince Ribbit
  4323 | D:5      | Killed Prince Ribbit
  4378 | D:5      | Found a sand-covered staircase.
  4557 | Ossuary  | Entered an ossuary
  4998 | Ossuary  | Reached ***** piety under Trog
  5028 | Ossuary  | Noticed Menkaure
  5038 | Ossuary  | Killed Menkaure
  5040 | Ossuary  | Reached XP level 9. HP: 81/81 MP: 8/8
  5156 | D:5      | Reached skill level 8 in Axes
  5960 | D:6      | Found a white marble altar of Elyvilon.
  6249 | D:6      | Found a hide-covered altar of Uskayaw.
  7310 | D:7      | Noticed Dowan
  7321 | D:7      | Killed Dowan
  7330 | D:7      | Received a gift from Trog
  7354 | D:7      | Noticed Duvessa
  7363 | D:7      | Killed Duvessa
  7363 | D:7      | Reached skill level 9 in Axes
  7567 | D:7      | Found a deep blue altar of Sif Muna.
  7674 | D:7      | Found a staircase to the Ecumenical Temple.
  7858 | D:8      | Found a white marble altar of Elyvilon.
  8033 | D:8      | Found a bloodstained altar of Trog.
  8058 | D:8      | Found a staircase to the Lair.
  8059 | D:8      | Noticed a komodo dragon
  8090 | D:8      | Found a radiant altar of Vehumet.
  8270 | D:8      | Killed a komodo dragon
  8270 | D:8      | Reached XP level 10. HP: 64/91 MP: 9/9
  8875 | D:9      | Paralysed by a hornet for 2 turns
  8882 | D:9      | Paralysed by a hornet for 1 turns
  8888 | D:9      | Reached skill level 10 in Axes
  9539 | D:9      | Found a runed door.
  9539 | D:9      | Noticed Blackhawk's ghost (novice MiBe)
  9652 | D:9      | Killed Blackhawk's ghost
  9654 | D:9      | Got a translucent bronze amulet
  9689 | D:10     | Entered Level 10 of the Dungeon
  9717 | D:9      | Identified the amulet of Ipsuanip {Spirit Int+2} (You took it off a centaur on level 9 of the Dungeon)
  9818 | D:10     | Noticed Erolcha
  9825 | D:10     | Reached skill level 10 in Fighting
  9829 | D:10     | Killed Erolcha
  9829 | D:10     | Reached skill level 11 in Axes
 10144 | D:10     | Reached skill level 10 in Armour
 10225 | D:10     | Received a gift from Trog
 10439 | D:10     | Reached XP level 11. HP: 96/101 MP: 8/10
 11205 | D:11     | Found a staircase to the Orcish Mines.
 11753 | D:11     | Received a gift from Trog
 11756 | D:11     | Got a jewelled broad axe {god gift}
 11762 | D:11     | Identified the +9 broad axe of Starshine {flame, Stlth+} (Trog gifted it to you on level 11 of the Dungeon)
 11937 | D:11     | Reached skill level 12 in Axes
 12447 | Lair:1   | Entered Level 1 of the Lair of Beasts
 12475 | Lair:1   | Noticed Sonja
 12475 | Lair:1   | Noticed a seven-headed hydra
 12487 | Lair:1   | Killed an eight-headed hydra
 12925 | Lair:1   | Reached skill level 10 in Dodging
 12953 | Lair:1   | Found a runed gate.
 12953 | Lair:1   | Found a runed gate.
 12953 | Lair:1   | Found a runed gate.
 12953 | Lair:1   | Noticed malaphysto's ghost (journeyman GrFE)
 12954 | Lair:1   | Noticed Wranger's ghost (journeyman DEAE)
 13436 | Lair:2   | Reached skill level 13 in Axes
 13697 | Lair:2   | Got an ichor-stained rapier
 14037 | Lair:2   | Noticed Urug
 14046 | Lair:2   | Killed Urug
 14426 | Lair:2   | Reached XP level 12. HP: 89/110 MP: 8/11
 14506 | Lair:2   | Found a hole to the Spider Nest.
 14862 | Lair:2   | Noticed a four-headed hydra
 14867 | Lair:2   | Killed a two-headed hydra
 15387 | Lair:3   | Reached skill level 14 in Axes
 15446 | Lair:3   | HP: 5/112 [poisoned by a black mamba]
 15456 | Lair:2   | HP: 5/112 [black mamba (5)]
 15462 | Lair:2   | Slain by a black mamba

Skill      XL: |  1  2  3  4  5  6  7  8  9 10 11 12 |
---------------+-------------------------------------+-----
Fighting       | 4 5 6 7 9 10 11 12 | 12.0
Axes           | 4 5 6 7 9 11 13 14 | 14.0
Armour         | 3 4 6 7 9 10 11 | 11.7
Dodging        | 3 4 5 6 8 9 10 | 10.8

Action                   |  1- 3 |  4- 6 |  7- 9 | 10-12 || total
-------------------------+-------+-------+-------+-------++-------
Melee: Hand axe          |    56 |   165 |   339 |       ||   560
       Headbutt          |     8 |    27 |    89 |    85 ||   209
       Battleaxe         |       |       |    37 |   238 ||   275
       Broad axe         |       |       |       |   175 ||   175
Invok: Berserk           |     1 |     2 |     5 |     4 ||    12
       Trog's Hand       |       |       |       |     2 ||     2
       Brothers in Arms  |       |       |       |     2 ||     2
  Use: Scroll            |       |       |       |    20 ||    20
       Potion            |       |       |       |     7 ||     7
  Eat: Chunk             |     2 |    10 |    11 |    26 ||    49
       Ration            |       |       |     3 |     1 ||     4
Armor: Animal skin       |    19 |    13 |       |       ||    32
       Plate armour      |       |    65 |   190 |   262 ||   517
Dodge: Dodged            |    46 |    99 |   155 |   277 ||   577
